cohdb
Replays
Latest Replays
All Replays
Popular Replays
Top Player Replays
Match Explorer
How It Works
Community
CoH3 Stats
Reddit
Sign in to upload your games and track your stats! →
Sign in with Steam
Match 42768530
Unlisted
Match 42768530
Overview
Messages
Build Orders
End
Vickers Machine Gun Team
Selects Australian Defense Battlegroup
Selects Australian Light Infantry Section
Construct Section Command Post
Dingo Light Scout Car
Australian Light Infantry Section
Australian Light Infantry Section
Australian Light Infantry Section
Construct Platoon Command Post
Selects CMP 15cwt Supply Run
CMP 15cwt Supply Run
Construct Company Command Post
Selects Reinforced Resource Caches
wila
LittleFatty233
##########
jssam1234
AZIBIN
403671774
两杆大长枪
CPU-Leisure
0
0
Comments
sign in to comment!
No comments posted yet!